 Dungeon Sprint DCSS version 0.22.1-1-ga44c0e56f4 (webtiles) character file.

12862 MuseOD the Unseen (level 11, -10/63 (64) HPs)
             Began as a Spriggan Enchanter on Oct 1, 2018.
             Was the Champion of Dithmenos.
             Killed from afar by Ilsuiw (73 damage)
             ... with a shard of ice
             ... in the Dungeon (Sprint III: "The Ten Rune Challenge").
             The game lasted 00:06:29 (2943 turns).

MuseOD the Unseen (Spriggan Enchanter)              Turns: 2943, Time: 00:06:30

HP:   -10/63 (64)   AC:  2    Str:  4    XL:     11   Next: 68%
MP:   21/28         EV: 23    Int: 20    God:    Dithmenos [******]
Gold: 32            SH:  0    Dex: 17    Spells: 17/34 levels left

rFire    . . .     SeeInvis +   k - +4 dagger (venom)
rCold    . . .     Gourm    .   (shield restricted)
rNeg     . . .     Faith    .   s - +0 robe {MR+}
rPois    .         Spirit   .   (helmet restricted)
rElec    .         Reflect  .   (no cloak)
rCorr    .         Harm     .   (gloves unavailable)
MR       +++..     NoTele   +   (boots unavailable)
Stlth    ++++++++++             (no amulet)
HPRegen  0.20/turn              (no ring)
MPRegen  0.21/turn              (no ring)

@: wreathed by umbra, very quick
A: very small, unfitting armour, see invisible, herbivore, speed 3, magic
resistance 1, mutation resistance 1, slow metabolism 2
a: Shadow Step, Shadow Form, Renounce Religion


You were in the Dungeon.
You worshipped Dithmenos.
Dithmenos was exalted by your worship.
You were very hungry.

You visited 1 branch You collected 32 gold pieces.

Inventory:

Hand Weapons
 a - a +1 dagger
 k - a +4 dagger of venom (weapon)
Armour
 b - a +0 robe
 s - a +0 robe of magic resistance (worn)
Scrolls
 c - 3 scrolls of identify
 j - a scroll of blinking
 l - 2 scrolls of torment {unknown}
 m - a scroll of fog {unknown}
 n - 3 scrolls of remove curse
Potions
 e - a potion of curing
 f - 4 potions of heal wounds
 g - a potion of haste
 h - 2 potions of magic
 i - 3 potions of berserk rage
 o - 2 potions of mutation
 p - a potion of cancellation {unknown}
 q - 2 potions of flight
 r - a potion of might
Comestibles
 d - 4 rations


   Skills:
 + Level 10.8 Fighting
 * Level 18.3 Short Blades
 + Level 7.4 Dodging
 + Level 18.6 Stealth
 + Level 12.1 Spellcasting
 + Level 3.4 Conjurations
 + Level 12.3 Hexes


You had 17 spell levels left.
You knew the following spells:

 Your Spells              Type           Power        Failure   Level  Hunger
a - Corona                Hex            ######.      1%          1    None
b - Ensorcelled Hibernat  Hex/Ice        #####.       1%          2    None
c - Confuse               Hex            ######..     1%          3    None
d - Dazzling Spray        Conj/Hex       #####.       1%          3    None
e - Mephitic Cloud        Conj/Pois/Air  ###.....     11%         3    None
f - Conjure Flame         Conj/Fire      ###.....     9%          3    None
g - Blink                 Tloc           N/A          9%          2    None

Your spell library contained the following spells:

 Spells                   Type           Power        Failure   Level  Hunger
 Confusing Touch          Hex            ######       1%          1    None
 Magic Dart               Conj           ####         1%          1    None
 Slow                     Hex            ######..     1%          2    None
 Tukima's Dance           Hex            ######..     1%          3    None
 Animate Skeleton         Necr           N/A          5%          1    None
 Apportation              Tloc           ##....       5%          1    None
 Summon Small Mammal      Summ           ##..         5%          1    None
 Call Imp                 Summ           ##......     9%          2    None


Dungeon Overview and Level Annotations

Branches:
Dungeon (1/1)

Altars:
Dithmenos
Elyvilon
Kikubaaqudgha
Okawaru
Ru
Sif Muna
Trog
Uskayaw
Vehumet
Wu Jian
Yredelemnul
Zin
The Shining One
Beogh

Annotations:
D Ilsuiw, Polyphemus


Innate Abilities, Weirdness & Mutations

You are very small and have problems with some larger weapons.
You are too small for most types of armour.
You have supernaturally acute eyesight. (SInv)
You are a herbivore.
You cover ground extremely quickly.
You need to consume almost no food.
You are resistant to hostile enchantments. (MR+)
You are somewhat resistant to further mutation.


Message History

Casting: Confuse (safe; 1% risk of failure)
Confirm with . or Enter, or press ? or * to list all spells.
You can't see any susceptible monsters within range! (Use Z to cast anyway.)
Casting: Confuse (safe; 1% risk of failure)
Confirm with . or Enter, or press ? or * to list all spells.
Aiming: Mephitic Cloud (safe; 11% risk of failure)
Press: ? - help, Shift-Dir - straight line The ball explodes into a vile cloud!
The stinking cloud engulfs Ilsuiw.
Ilsuiw shouts!
Ilsuiw is engulfed in noxious fumes.
Casting: Mephitic Cloud (safe; 11% risk of failure)
Confirm with . or Enter, or press ? or * to list all spells.
Aiming: Confuse (safe; 1% risk of failure)
Press: ? - help, Shift-Dir - straight line, f - dream sheep
Aim: a dream sheep (umbra, chance to defeat MR: 67%)
The dream sheep appears confused.
Ilsuiw is engulfed in noxious fumes.
Ilsuiw casts a spell at you. The shard of ice hits you!
Ouch! That really hurt!
You die...

♣♣.##.##.)#≈..+#######.....#
♣♣.##.#####...# #.....#
♣.....##†.....# #.†...#
########'########## #+#####
▓≈≈≈≈≈≈≈≈≈≈≈ #. ▓≈≈≈≈≈≈≈≈≈≈≈
#. ▓≈≈≈..≈≈≈≈≈. #§
▓≈≈....≈≈≈.. #. ▓≈≈≈@.≈≈≈≈≈.
#. ▓≈≈≈≈≈≈≈≈≈≈. #.
▓≈≈≈≈≈≈≈≈≈≈≈ ▓..§§≈≈≈≈≈Y≈
▓.m§§≈≈≈≈≈≈≈ ▓.§§.≈≈≈≈≈≈≈
▓...≈≈≈≈≈≈≈. ▓.≈≈≈≈≈≈≈≈≈.


You could see Ilsuiw and a dream sheep (confused).

Vanquished Creatures
  Sigmund (D)
  Josephine (D)
  A yaktaur captain (D)
  A centaur warrior (D)
  Urug (D)
  2 unseen horrors (D)
  A death drake (D)
  A lindwurm (D)
  A deep elf mage (D)
  2 spiny frogs (D)
  Edmund (D)
  A komodo dragon (D)
  2 yaktaurs (D)
  3 wandering mushrooms (D)
  2 tyrant leeches (D)
  2 dream sheep (D)
  3 redbacks (D)
  A shadow (D)
  A necrophage (D)
  2 centaurs (D)
  An earth elemental (D)
  A water elemental (D)
  A jelly (D)
  A wizard (D)
  Jessica (D)
  A necromancer (D)
  3 humans (D)
  A kobold demonologist (D)
  A wolf (D)
  2 oozes (D)
  A rat (D)
  A ballistomycete spore (D)
45 creatures vanquished.

Vanquished Creatures (others)
  2 draconian scorchers (D)
  2 hydras (D)
  A shadow wraith (D)
  6 hellions (D)
  2 yaktaurs (D)
  A hornet (D)
  An orc high priest (D)
  An electric eel (D)
  An orc priest (D)
  3 ball lightnings (D)
  9 ballistomycetes (D)
  6 ballistomycete spores (D)
  11 plants (D)
46 creatures vanquished.

Grand Total: 91 creatures vanquished

Notes
Turn   | Place    | Note
-------+----------+-------------------------------------------
     0 | D        | MuseOD the Spriggan Enchanter began the quest for the Orb.
     0 | D        | Reached XP level 1. HP: 9/9 MP: 5/5
    17 | D        | Reached skill level 1 in Fighting
    17 | D        | Reached skill level 5 in Stealth
    20 | D        | Reached XP level 2. HP: 10/14 MP: 6/6
    24 | D        | Learned a level 2 spell: Ensorcelled Hibernation
    85 | D        | Killed a hellion
    93 | D        | Killed a yaktaur
   108 | D        | Killed a hellion
   109 | D        | Killed a hellion
   109 | D        | Killed a hellion
   110 | D        | Killed a hellion
   110 | D        | Killed a hellion
   131 | D        | Noticed Jessica
   135 | D        | Killed Jessica
   135 | D        | Reached XP level 3. HP: 19/19 MP: 8/8
   143 | D        | Learned a level 3 spell: Confuse
   154 | D        | Reached skill level 5 in Short Blades
   229 | D        | Killed a white draconian scorcher
   285 | D        | Killed a white draconian scorcher
   480 | D        | Reached XP level 4. HP: 18/24 MP: 3/9
   609 | D        | Gained mutation: You are weak. (Str -2) [potion of
                  | mutation]
   609 | D        | Gained mutation: You are partially covered in large bone
                  | plates. (SH +4) [potion of mutation]
   610 | D        | Lost mutation: You are weak. (Str -2) [potion of mutation]
   610 | D        | Lost mutation: You are partially covered in large bone
                  | plates. (SH +4) [potion of mutation]
   610 | D        | Gained mutation: You are resistant to hostile enchantments.
                  | (MR+) [potion of mutation]
   610 | D        | Gained mutation: You are somewhat resistant to further
                  | mutation. [potion of mutation]
   616 | D        | Noticed a water elemental
   619 | D        | Killed a water elemental
   627 | D        | Found a basalt altar of Yredelemnul.
   627 | D        | Found a shadowy altar of Dithmenos.
   627 | D        | Found a sacrificial altar of Ru.
   627 | D        | Noticed a necrophage
   634 | D        | Reached XP level 5. HP: 14/28 MP: 3/10
   636 | D        | Killed a necrophage
   636 | D        | Reached skill level 10 in Stealth
   748 | D        | Became a worshipper of Dithmenos the Shadowed
   906 | D        | Found a glowing silver altar of Zin.
   906 | D        | Found a glowing golden altar of the Shining One.
   906 | D        | Found a white marble altar of Elyvilon.
   906 | D        | Noticed a deep elf mage
   932 | D        | Killed a deep elf mage
   932 | D        | Reached XP level 6. HP: 36/36 MP: 1/11
   932 | D        | Reached XP level 7. HP: 40/40 MP: 1/12
  1019 | D        | Found a radiant altar of Vehumet.
  1020 | D        | Found a deep blue altar of Sif Muna.
  1020 | D        | Found an ancient bone altar of Kikubaaqudgha.
  1033 | D        | Noticed a chaos spawn
  1033 | D        | Reached * piety under Dithmenos
  1045 | D        | Learned a level 3 spell: Dazzling Spray
  1061 | D        | Found a hide-covered altar of Uskayaw.
  1061 | D        | Found an iron altar of Okawaru.
  1062 | D        | Found a roughly hewn altar of Beogh.
  1062 | D        | Found a bloodstained altar of Trog.
  1062 | D        | Found an ornate altar of the Wu Jian Council.
  1062 | D        | Noticed a human
  1062 | D        | Noticed a human
  1064 | D        | Killed a human
  1065 | D        | Killed a human
  1123 | D        | Noticed a shadow
  1125 | D        | Killed a shadow
  1125 | D        | Reached ** piety under Dithmenos
  1125 | D        | Reached skill level 5 in Hexes
  1125 | D        | Reached XP level 8. HP: 45/45 MP: 15/15
  1135 | D        | Noticed Josephine
  1163 | D        | Killed Josephine
  1255 | D        | Reached XP level 9. HP: 50/50 MP: 18/20
  1260 | D        | Learned a level 3 spell: Mephitic Cloud
  1265 | D        | Learned a level 3 spell: Conjure Flame
  1268 | D        | Learned a level 2 spell: Blink
  1273 | D        | Noticed a centaur warrior
  1275 | D        | Reached *** piety under Dithmenos
  1277 | D        | Killed a centaur warrior
  1277 | D        | Reached skill level 15 in Stealth
  1287 | D        | Noticed an unseen horror
  1287 | D        | Noticed an unseen horror
  1290 | D        | Killed an unseen horror
  1290 | D        | Reached skill level 15 in Short Blades
  1292 | D        | Killed an unseen horror
  1292 | D        | Reached **** piety under Dithmenos
  1295 | D        | Noticed Sigmund
  1295 | D        | Noticed Edmund
  1299 | D        | Killed Sigmund
  1299 | D        | Reached skill level 10 in Fighting
  1299 | D        | Reached skill level 10 in Spellcasting
  1299 | D        | Reached XP level 10. HP: 58/58 MP: 22/25
  1300 | D        | Killed Edmund
  1319 | D        | Noticed a yaktaur captain
  1617 | D        | HP: 1/58 [yaktaur captain/bolt (38)]
  1920 | D        | Reached XP level 11. HP: 62/62 MP: 20/27
  2225 | D        | Killed a yaktaur captain
  2225 | D        | Reached skill level 1 in Conjurations
  2340 | D        | Reached ***** piety under Dithmenos
  2360 | D        | Killed a seven-headed hydra
  2423 | D        | Killed a seven-headed hydra
  2578 | D        | Reached skill level 5 in Dodging
  2732 | D        | Noticed a lindwurm
  2735 | D        | Killed a lindwurm
  2742 | D        | Reached ****** piety under Dithmenos
  2743 | D        | Noticed Urug
  2745 | D        | Killed Urug
  2789 | D        | Noticed a death drake
  2801 | D        | Killed a death drake
  2812 | D        | Noticed Polyphemus
  2939 | D        | Noticed Ilsuiw
  2942 | D        | Killed a shadow wraith
  2943 | D        | Killed from afar by Ilsuiw

Skill      XL: |  1  2  3  4  5  6  7  8  9 10 11 |
---------------+----------------------------------+-----
Fighting       | 1 2 3 4 6 7 10 | 10.8
Short Blades   | 3 4 6 7 11 12 14 17 18 | 18.3
Stealth        | 5 6 7 9 12 13 14 17 18 | 18.6
Spellcasting   | 4 6 10 11 12 | 12.1
Hexes          | 5 7 11 12 | 12.3
Dodging        | 7 |  7.4
Conjurations   | 3 |  3.4

Action                   |  1- 3 |  4- 6 |  7- 9 | 10-12 || total
-------------------------+-------+-------+-------+-------++-------
Melee: Dagger            |    26 |     9 |    28 |    26 ||    89
 Cast: Confuse           |     4 |     4 |     1 |    31 ||    40
       Ensorcelled Hiber |       |     1 |       |     3 ||     4
       Dazzling Spray    |       |       |     2 |     1 ||     3
       Mephitic Cloud    |       |       |       |     1 ||     1
  Use: Potion            |       |     2 |       |       ||     2
 Stab: Sleeping          |     3 |     1 |    11 |     9 ||    24
       Confused          |       |     1 |       |     4 ||     5
       Invisible         |       |       |     1 |       ||     1
Dodge: Dodged            |    12 |     8 |    11 |    13 ||    44
